 Dungeon Crawl Stone Soup version 0.26-a0-451-gacbe401039 (webtiles) character file.

Game seed: 3729568513589030668

3193 ReteAZ the Grappler (level 9, -9/84 HPs)
             Began as a Troll Hunter on July 28, 2020.
             Was a Priest of Cheibriados.
             Killed from afar by an orc (24 damage)
             ... with an exploding inner flame
             ... hexed by the player character
             ... in a bailey.
             The game lasted 00:08:52 (6350 turns).

ReteAZ the Grappler (Troll Hunter)                  Turns: 6350, Time: 00:08:52

Health: -9/84      AC:  7    Str: 29    XL:     9   Next: 64%
Magic:  8/8        EV: 12    Int: 17    God:    Cheibriados [***...]
Gold:   417        SH:  0    Dex: 17    Spells: 8/8 levels left

rFire    . . .     SeeInvis .     - Unarmed
rCold    . . .     Faith    .   (no shield)
rNeg     . . .     Spirit   .   b - +0 robe
rPois    +         Reflect  .   (helmet restricted)
rElec    .         Harm     .   y - +0 cloak {rPois}
rCorr    .                      (gloves unavailable)
MR       .....                  (boots unavailable)
Stlth    +++.......             (no amulet)
HPRegen  0.64/turn              g - ring of stealth
MPRegen  0.11/turn              (no ring)

@: very slow
A: large, unfitting armour, claws 3, regeneration 1, shaggy fur 1, tough skin 3
a: Bend Time, Temporal Distortion, Renounce Religion


You were in a bailey.
You worshipped Cheibriados.
Cheibriados was most pleased with you.
You visited 1 branch of the dungeon, and saw 8 of its levels.
You also visited: Bailey.

You collected 417 gold pieces.

Inventory:

Hand Weapons
 a - a +0 short sword
Missiles
 c - 5 large rocks
 e - 75 poisoned darts (quivered)
 C - 8 boomerangs
Armour
 b - a +0 robe (worn)
 y - a +0 cloak of poison resistance (worn)
Jewellery
 g - a ring of stealth (left claw)
Wands
 D - a wand of acid (7)
 F - a wand of digging (3)
Scrolls
 k - 4 scrolls of identify
 l - 3 scrolls of teleportation
 m - a scroll of blinking
 p - 2 scrolls of fog
 r - 2 scrolls of enchant weapon {unknown}
 s - a scroll of amnesia {unknown}
 x - 3 scrolls of remove curse
 A - 3 scrolls of noise {unknown}
 B - a scroll of fear {unknown}
 E - a scroll of magic mapping {unknown}
Potions
 d - a potion of cancellation
 h - 2 potions of berserk rage {unknown}
 i - a potion of brilliance {unknown}
 j - 3 potions of flight
 n - 3 potions of degeneration {unknown}
 o - 2 potions of heal wounds {unknown}
 q - 2 potions of lignification
 t - 3 potions of curing
 u - a potion of stabbing {unknown}
 v - a potion of resistance {unknown}
 w - a potion of might {unknown}
 z - a potion of mutation {unknown}


   Skills:
 + Level 3.7 Fighting
 - Level 3.6 Throwing
 + Level 3.7 Dodging
 - Level 0.3 Stealth
 - Level 12.0 Unarmed Combat


You had 8 spell levels left.
You didn't know any spells.
Your spell library contained the following spells:

 Spells                   Type           Power        Failure   Level
 Magic Dart               Conj           #...         24%         1
 Sandblast                Erth           #.....       24%         1
 Passwall                 Tmut/Erth      #.......     34%         2
 Searing Ray              Conj           #.....       34%         2
 Dazzling Flash           Conj/Hex       #.....       56%         3
 Stone Arrow              Conj/Erth      #.....       56%         3
 Animate Dead             Necr           #.........   93%         4
 Cause Fear               Hex            #.........   93%         4
 Fulminant Prism          Conj/Hex       #.........   93%         4
 Iskenderun's Mystic Bla  Conj/Tloc      #.......     93%         4
 Petrify                  Tmut/Erth      #.......     93%         4
 Borgnjor's Vile Clutch   Necr/Erth      #.........   100%        5
 Lee's Rapid Deconstruct  Erth           #.........   100%        5
 Silence                  Hex/Air        #.........   100%        5
 Yara's Violent Unravell  Hex/Tmut       #.........   100%        5
 Death Channel            Necr           #.........   100%        6
 Simulacrum               Ice/Necr       #.........   100%        6
 Discord                  Hex            #.........   100%        8


Dungeon Overview and Level Annotations

Branches:
Dungeon (8/15)             Temple (0/1) D:5          Bailey (1/1)
   Lair: D:8-11

Altars:
Cheibriados
Elyvilon
Fedhas
Hepliaklqana
Makhleb
Nemelex Xobeh
Okawaru
Ru
Sif Muna
Trog
Wu Jian


Innate Abilities, Weirdness & Mutations

You are too large for most types of armour.
You have claws for hands.
Your natural rate of healing is unusually fast.
You are covered in fur. (AC +1)
You have extremely tough skin. (AC +3)


Message History

The orc explodes!
The fiery explosion engulfs the orc!!!
The orc explodes!
The fiery explosion engulfs the orc!!
The orc explodes!
The fiery explosion engulfs the orc!
The orc explodes!
The fiery explosion engulfs the orc!
The orc explodes!
Cheibriados appreciates the change of pace.
The fiery explosion engulfs the orc!
The orc explodes!
The fiery explosion engulfs the orc!!!
The orc explodes!
The fiery explosion engulfs you!!
* * * LOW HITPOINT WARNING * * *
The fiery explosion engulfs the orc!!
The orc explodes!
The fiery explosion engulfs you!!
You die...

#######
##..∩..##
#.......#
#∩§.§§§∩#
#.§○@§§.#
#.§§§§§.#
#..§§§§§#
#.§§§§§§#
#..§§§§.#
#....§..#
#...o...#
#.......#


You could see an orc.

Vanquished Creatures
  Grinder (D:5)
  A yak (D:7)
  Edmund (D:5)
  Menkaure (D:6)
  A steam dragon (D:8)
  2 sky beasts (D:7)
  An orc warrior (D:7)
  2 ice beasts (D:5)
  A necrophage (D:6)
  2 ogres
  3 centaurs
  A big kobold (D:7)
  3 bullfrogs
  A wyvern skeleton (D:6)
  4 scorpions
  A jelly (D:6)
  2 bullfrog zombies
  An orc priest (D:4)
  4 hounds
  Crazy Yiuf (D:4)
  2 bullfrog skeletons
  2 iguanas
  9 orc wizards
  5 worker ants
  A hound zombie (D:7)
  A howler monkey zombie (D:7)
  A worker ant zombie (D:5)
  7 gnolls
  2 adders
  3 shadow imps
  A white imp (D:6)
  An ufetubus (D:5)
  An adder skeleton (D:4)
  2 worms
  A leopard gecko (D:2)
  26 orcs
  5 bats
  5 giant cockroaches
  12 goblins
  6 hobgoblins
  4 jackals (D:2)
  3 quokkas
  A ball python (D:5)
  2 frilled lizards
  11 kobolds
  A quokka skeleton (D:7)
  4 rats (D:1)
  A plant (D:5)
154 creatures vanquished.

Vanquished Creatures (others)
  A big kobold (D:8)
  A white imp (D:8)
  2 kobolds (D:8)
4 creatures vanquished.

Grand Total: 158 creatures vanquished

Notes
Turn   | Place    | Note
-------+----------+-------------------------------------------
     0 | D:1      | ReteAZ the Troll Hunter began the quest for the Orb.
     0 | D:1      | Reached XP level 1. HP: 19/19 MP: 0/0
   221 | D:1      | Reached skill level 1 in Unarmed Combat
   401 | D:1      | Reached XP level 2. HP: 25/27 MP: 1/1
   813 | D:2      | Reached skill level 2 in Unarmed Combat
   817 | D:2      | Reached XP level 3. HP: 15/33 MP: 2/2
   859 | D:2      | Reached skill level 3 in Unarmed Combat
  1491 | D:3      | Reached XP level 4. HP: 41/41 MP: 3/3
  1668 | D:3      | Found a blossoming altar of Fedhas.
  1781 | D:3      | You fall into a shaft and drop 3 floors!
  1787 | D:5      | Entered Level 5 of the Dungeon
  1798 | D:5      | Reached skill level 4 in Unarmed Combat
  1832 | D:5      | Found an ornate altar of the Wu Jian Council.
  1832 | D:5      | Found a shimmering blue altar of Sif Muna.
  1832 | D:5      | Found an iron altar of Okawaru.
  1860 | D:5      | Noticed a centaur
  1860 | D:5      | Noticed a centaur
  1880 | D:5      | Killed a centaur
  1880 | D:5      | Reached skill level 5 in Unarmed Combat
  1880 | D:5      | Reached XP level 5. HP: 13/48 MP: 4/4
  1884 | D:5      | Killed a centaur
  1885 | D:5      | Reached XP level 6. HP: 17/55 MP: 5/5
  1981 | D:5      | Noticed Edmund
  2062 | D:5      | Killed Edmund
  2062 | D:5      | Reached skill level 6 in Unarmed Combat
  2198 | D:5      | Noticed an ice beast
  2207 | D:5      | Killed an ice beast
  2207 | D:5      | Reached skill level 7 in Unarmed Combat
  2296 | D:5      | Reached XP level 7. HP: 40/62 MP: 6/6
  2469 | D:4      | Reached skill level 8 in Unarmed Combat
  2978 | D:4      | Found a runed translucent door.
  2979 | D:4      | Noticed Crazy Yiuf
  3019 | D:4      | Found a burning altar of Makhleb.
  3019 | D:4      | Found a sparkling altar of Nemelex Xobeh.
  3025 | D:4      | Found a snail-covered altar of Cheibriados.
  3027 | D:4      | Found a hazy altar of Hepliaklqana.
  3028 | D:4      | Found a sacrificial altar of Ru.
  3031 | D:4      | Became a worshipper of Cheibriados the Contemplative
  3485 | D:4      | Killed Crazy Yiuf
  3588 | D:5      | Reached skill level 9 in Unarmed Combat
  3627 | D:5      | Found a staircase to the Ecumenical Temple.
  3673 | D:5      | Reached XP level 8. HP: 17/70 MP: 7/7
  3856 | D:5      | Noticed Grinder
  3896 | D:5      | Paralysed by Grinder for 2 turns
  3903 | D:5      | Killed Grinder
  3903 | D:5      | Reached skill level 10 in Unarmed Combat
  3986 | D:5      | Found a bloodstained altar of Trog.
  3992 | D:5      | Reached * piety under Cheibriados
  4397 | D:6      | Noticed Menkaure
  4403 | D:6      | Killed Menkaure
  4419 | D:6      | Reached skill level 11 in Unarmed Combat
  4739 | D:6      | Reached XP level 9. HP: 64/76 MP: 8/8
  4912 | D:7      | Reached ** piety under Cheibriados
  4955 | D:7      | Reached skill level 12 in Unarmed Combat
  5159 | D:7      | Found a blossoming altar of Fedhas.
  5488 | D:7      | Reached *** piety under Cheibriados
  5640 | D:7      | Found a white marble altar of Elyvilon.
  6285 | D:8      | Found a flagged portal.
  6301 | Bailey   | Entered a bailey
  6350 | Bailey   | Killed from afar by an orc

Illustrated notes

Levels and vault maps discovered:
D:1:      mrwooster_arrival_statue_3, layout_loops_corners
D:2:      layout_loops_ring
D:3:      layout_loops_ring, fedhas_altar_fruit_tree, guppyfry_early_orc_mine
D:4:      layout_basic, chequers_temple_overflow_minitemple,
          uniq_crazy_yiuf_cottage
D:5:      layout_loops_ring, lemuel_round_altar,
          gammafunk_temple_overflow_forgotten, minmay_temple_entry_metal_lava,
          minmay_fractal_squares_diagonal_5, uniq_edmund, uniq_grinder
D:6:      layout_cave_pools, uniq_menkaure
D:7:      minmay_the_grid_triangle_9x9_rhombus_thin
          [minmay_the_grid_triangle_9x9_shrine,
          minmay_the_grid_triangle_9x9_prize_schism,
          minmay_the_grid_triangle_9x9_swiss_cheese,
          minmay_the_grid_triangle_9x9_corrupted_corridor], layout_cave_pods,
          basic_altar, chequers_serial_rivers_large_a
D:8:      layout_basic, enter_bailey_3, serial_shops, shop
Bailey:   bailey_polearm_5, bailey

Skill      XL: |  1  2  3  4  5  6  7  8  9 |
---------------+----------------------------+-----
Unarmed Combat | 1 2 3 5 7 9 11 12 | 12.0
Fighting       | 3 |  3.7
Dodging        | 3 |  3.7
Throwing       | |  3.6
Stealth        | |  0.3

Action                   |  1- 3 |  4- 6 |  7- 9 || total
-------------------------+-------+-------+-------++-------
Melee: Unarmed           |   103 |    82 |   283 ||   468
       Punch             |       |     1 |    13 ||    14
Throw: Large rock        |       |     3 |     2 ||     5
       Dart              |       |     1 |     5 ||     6
       Throwing net      |       |     1 |     1 ||     2
  Use: Potion            |       |     3 |     1 ||     4
       Scroll            |       |       |     7 ||     7
 Stab: Sleeping          |       |       |     2 ||     2
Armor: Robe              |    45 |    26 |   100 ||   171
       Skin              |       |    16 |    12 ||    28
Dodge: Dodged            |    55 |    44 |   156 ||   255

Table legend: (Time is in decaauts)
 A = Elapsed time spent in this place.
 B = Non-inter-level travel time spent in this place.
 C = Inter-level travel time spent in this place.
 D = Time resting spent in this place.
 E = Time spent auto-exploring this place.
 F = Levels seen in this place.
 G = Mean time per level.
                   A        B        C        D        E       F      G
               +--------+--------+--------+--------+--------+-----+--------+
         Total |   7312 |   6954 |    358 |    645 |   5190 |   9 |  812.4 |
       Dungeon |   7261 |   6903 |    358 |    605 |   5187 |   8 |  907.6 |
        Bailey |     51 |     51 |      0 |     40 |      3 |   1 |   51.0 |
               +--------+--------+--------+--------+--------+-----+--------+

Top non-repeatable levels by time:
     D:7: 1794 daAuts
     D:5: 1374 daAuts
     D:4: 1153 daAuts
     D:1: 831 daAuts
     D:6: 724 daAuts
     D:2: 623 daAuts
     D:3: 557 daAuts
     D:8: 203 daAuts
  Bailey: 51 daAuts
